 Dungeon Crawl Stone Soup version 0.30.0-19-g36f170ea60 (webtiles) character file.

Game seed: 14524595125214142912

198 RascalDebosk the Magician (level 6, -7/42 HPs)
             Began as a Djinni Conjurer on May 29, 2023.
             Killed from afar by an oklob plant (20 damage)
             ... with a splash of acid
             ... on level 3 of the Dungeon.
             The game lasted 00:11:38 (1998 turns).

RascalDebosk the Magician (Djinni Conjurer)         Turns: 1998, Time: 00:11:39

Health: -7/42      AC:  4    Str:  6    XL:     6   Next: 5%
Gold:   162        EV: 12    Int: 22    God:
                   SH:  0    Dex: 11

rFire   + + .        s - +0 dagger
rCold   x . .        (no shield)
rNeg    . . .        a - +0 robe
rPois   ∞            (no helmet)
rElec   .            m - +1 cloak {rPois}
rCorr   .            (no gloves)
SInv    .            (boots unavailable)
Will    .....        (no amulet)
Stlth   ++           (no ring)
HPRegen 0.27/turn    (no ring)
MPRegen 0.00/turn

%: infuse magic (-8 HP)
@: flying, very slightly contaminated
A: sickness immunity, fire resistance 2, cold vulnerability 1, float, innate
caster, HP casting, extra vitality 1
a: no special abilities


You were on level 3 of the Dungeon.
You visited 1 branch of the dungeon, and saw 3 of its levels.

You collected 162 gold pieces.

Inventory:

Hand Weapons
 s - a +0 dagger (weapon)
Armour
 a - a +0 robe (worn)
 m - a +1 cloak of poison resistance (worn)
Jewellery
 g - a ring of protection from fire
Wands
 l - a wand of flame (22)
Scrolls
 b - a scroll of vulnerability {unknown}
 c - a scroll of teleportation {unknown}
 i - a scroll of fog {unknown}
 j - a scroll of enchant armour {unknown}
Potions
 d - 4 potions of cancellation {unknown}
 e - a potion of attraction {unknown}
 f - a potion of brilliance {unknown}
 h - 2 potions of heal wounds {unknown}
 k - 2 potions of curing {unknown}
 n - a potion of haste {unknown}


   Skills:
 + Level 1.4 Fighting
 - Level 2.1 Dodging
 - Level 1.5 Stealth
 * Level 4.9 Spellcasting
 + Level 1.4 Evocations


You knew the following spells:

 Your Spells              Type           Power      Damage    Failure   Level
a - Magic Dart            Conj           100%       1d8       1%          1
b - Searing Ray           Conj           54%        2d6       1%          2
c - Dazzling Flash        Conj/Hex       54%        N/A       4%          3
d - Fulminant Prism       Conj/Hex       13%        3d8       13%         4
e - Iskenderun's Mystic   Conj/Tloc      27%        2d7       13%         4
f - Sandblast             Erth           54%        2d13      1%          1
g - Passwall              Tmut/Erth      22%        N/A       1%          2
Your spell library was empty.

Dungeon Overview and Level Annotations

Branches:
Dungeon (3/15)

Altars:
Fedhas

Shops:
D:2 =

Annotations:
D:3 exclusion: oklob plant


Innate Abilities, Weirdness & Mutations

You are immune to sickness and miasma.
You are immune to poison.
Your flesh is very heat resistant. (rF++)
You are vulnerable to cold. (rC-)
You float through the air rather than walking.
You learn spells naturally, not from books.
Your magical power is your life essence.
You have superior vitality. (+4 MHP)


Message History

You are very lightly contaminated with residual magic.
You feel a bit tired.
You feel yourself slow down.
Casting: Fulminant Prism (quite dangerous; 13% risk of failure)
Confirm with . or Enter, or press ? or * to list all spells.
You can't see any susceptible monsters within range! (Use Z to cast anyway.)
Casting: Fulminant Prism (quite dangerous; 13% risk of failure)
Confirm with . or Enter, or press ? or * to list all spells.
The spell is quite dangerous to miscast (13% risk of failure)!
Continue anyway?
Aiming: Fulminant Prism (quite dangerous; 13% risk of failure)
Press: ? - help, Dir - move target You conjure a prism of explosive energy!
A fulminant prism comes into view.
You feel yourself speed up.
Your fulminant prism crackles loudly.
Your fulminant prism explodes!
The blast of energy engulfs the plant!
The plant begins to die.
The plant is lightly damaged.
The blast of energy engulfs the plant!!
The plant begins to die.
The plant is lightly damaged.
The blast of energy engulfs the fungus!
The fungus begins to die.
The fungus is lightly damaged.
The blast of energy engulfs the plant!
The plant begins to die.
The plant is lightly damaged.
The blast of energy engulfs the plant!!
The plant begins to die.
The plant is lightly damaged.
The blast of energy engulfs the oklob plant!
The oklob plant is moderately damaged.
The blast of energy engulfs the plant!
The plant begins to die.
The plant is lightly damaged.
The blast of energy engulfs the plant!
The plant begins to die.
The plant is lightly damaged.
The blast of energy engulfs the plant!
The plant begins to die.
The plant is lightly damaged.
The blast of energy engulfs the plant!
The plant begins to die.
The plant is lightly damaged.
The blast of energy engulfs the plant!!
The plant begins to die.
The plant is lightly damaged.
Casting: Fulminant Prism (quite dangerous; 13% risk of failure)
Confirm with . or Enter, or press ? or * to list all spells.
The spell is quite dangerous to miscast (13% risk of failure)!
Continue anyway?
Aiming: Fulminant Prism (quite dangerous; 13% risk of failure)
Press: ? - help, Dir - move target You conjure a prism of explosive energy!
A fulminant prism comes into view.
Your fulminant prism crackles loudly.
Your fulminant prism explodes!
The blast of energy engulfs the plant!
The plant is lightly damaged.
The blast of energy engulfs the plant!
The plant is lightly damaged.
The blast of energy engulfs the fungus!
The fungus is lightly damaged.
The blast of energy engulfs the plant!!
The plant is lightly damaged.
The blast of energy engulfs the plant!!
The plant is lightly damaged.
The blast of energy engulfs the oklob plant!
The oklob plant is heavily damaged.
The blast of energy engulfs the plant!
The plant is lightly damaged.
The blast of energy engulfs the plant!!
The plant is moderately damaged.
The blast of energy engulfs the plant!
The plant is lightly damaged.
The blast of energy engulfs the plant!!
The plant is lightly damaged.
The blast of energy engulfs the plant!!
The plant is moderately damaged.
Casting: Fulminant Prism (quite dangerous; 13% risk of failure)
Confirm with . or Enter, or press ? or * to list all spells.
The spell is quite dangerous to miscast (13% risk of failure)!
Continue anyway?
Aiming: Fulminant Prism (quite dangerous; 13% risk of failure)
Press: ? - help, Dir - move target You conjure a prism of explosive energy!
A fulminant prism comes into view.
A nearby plant withers and dies.
A nearby fungus withers and dies.
A nearby plant withers and dies.
A nearby plant withers and dies. x7
Your fulminant prism crackles loudly.
The oklob plant spits acid at you. The splash of acid hits you!
* * * LOW HITPOINT WARNING * * *
Your fulminant prism explodes!
The blast of energy engulfs the oklob plant!
The oklob plant is severely damaged.
Casting: Fulminant Prism (quite dangerous; 13% risk of failure)
Confirm with . or Enter, or press ? or * to list all spells.
You can't see any susceptible monsters within range! (Use Z to cast anyway.)
Casting: Fulminant Prism (quite dangerous; 13% risk of failure)
Confirm with . or Enter, or press ? or * to list all spells.
Aiming: Magic Dart (safe; 1% risk of failure)
Press: ? - help, Shift-Dir - straight line, f - oklob plant
Aim: an oklob plant (severely damaged, 100% to hit)
The magic dart hits the oklob plant but does no damage.
The oklob plant is severely damaged.
* * * LOW HITPOINT WARNING * * *
The oklob plant spits acid at you. The splash of acid hits you!!
You die...

#######
#PP..~~~~...~≈≈≈.######
.PP......._.~≈≈≈.......
#♣P...~≈~~...~≈≈~.######
#PPPP.~~≈≈≈≈≈≈≈~~.P.# #
#PP.P..≈~≈≈≈≈≈~~...♣# #
#PPPP...~~≈≈≈~≈..#♣P# #
#PP.P♣P..~~~~≈..PPP.# #
#..PP#♣.......♣#.♣##
♣.....@#P♣PPP..PPPP#
#PP....PPP.P.P#P##P.#
#P♣....P♣PP.P#PPPP#P#


#....#PPPP♣PPPPPPPP# #################### You could see an oklob plant.

Vanquished Creatures
  Crazy Yiuf (D:2)
  An iguana (D:3)
  An orc wizard (D:3)
  4 adders
  A worm (D:3)
  A dart slug (D:2)
  5 orcs (D:3)
  5 endoplasms
  3 giant cockroaches
  8 goblins
  5 hobgoblins
  2 jackals (D:1)
  6 kobolds
  2 quokkas (D:2)
  10 ball pythons
  7 bats
  4 frilled lizards
  5 rats
71 creatures vanquished.

Vanquished Creatures (others)
  4 fulminant prisms (D:3)
4 creatures vanquished.

Grand Total: 75 creatures vanquished

Notes
Turn   | Place    | Note
-------+----------+-------------------------------------------
     0 | D:1      | RascalDebosk the Djinni Conjurer began the quest for the
                  | Orb.
     0 | D:1      | RascalDebosk set off with the following spells memorised:
                  | Magic Dart, Searing Ray, Dazzling Flash, Fulminant Prism,
                  | Iskenderun's Mystic Blast.
     0 | D:1      | Reached XP level 1. HP: 15/15 MP: 0/0
    89 | D:1      | Reached XP level 2. HP: 20/21 MP: 0/0
   252 | D:1      | Reached XP level 3. HP: 24/25 MP: 0/0
   252 | D:1      | Learned a level 1 spell: Sandblast
   381 | D:1      | Reached skill level 4 in Spellcasting
   622 | D:2      | Reached XP level 4. HP: 27/31 MP: 0/0
   880 | D:2      | Found a runed translucent door.
   881 | D:2      | Noticed Crazy Yiuf
   942 | D:2      | Found Senwim's Jewellery Shop.
  1339 | D:2      | Killed Crazy Yiuf
  1340 | D:2      | Reached XP level 5. HP: 24/36 MP: 0/0
  1340 | D:2      | Learned a level 2 spell: Passwall
  1471 | D:3      | Reached skill level 1 in Fighting
  1471 | D:3      | Reached skill level 1 in Evocations
  1701 | D:3      | Reached XP level 6. HP: 20/42 MP: 0/0
  1966 | D:3      | Found a blossoming altar of Fedhas.
  1985 | D:3      | Noticed an oklob plant
  1998 | D:3      | Killed from afar by an oklob plant

Illustrated notes

Levels and vault maps discovered:
D:1:      scummos_arrival_star, layout_basic, minmay_tromino_v4_a
D:2:      layout_loops_ring, serial_shops, shop, minmay_pentomino_pile,
          uniq_crazy_yiuf_cottage
D:3:      layout_rooms, tgw_fedhas, kennysheep_decorative_pillar,
          corexii_hall_statues_i

Skill      XL: |  1  2  3  4  5 |
---------------+----------------+-----
Spellcasting   | 4 |  4.9
Fighting       | 1 |  1.4
Evocations     | 1 |  1.4
Dodging        | |  2.1
Stealth        | |  1.5

Action                     |  1- 3 |  4- 6 || total
---------------------------+-------+-------++-------
  Melee: Dagger            |       |     3 ||     3
   Cast: Magic Dart        |    56 |    64 ||   120
         Searing Ray       |     1 |     4 ||     5
         Iskenderun's Myst |       |     5 ||     5
         Fulminant Prism   |       |     4 ||     4
         Dazzling Flash    |       |     1 ||     1
 Armour: Robe              |     4 |       ||     4
  Dodge: Dodged            |     4 |     5 ||     9
